CAL (WIN)
CAROLINA MUDCATS @ DAYTONA TORTUGAS
11/28/2046
 
TOP OF THE 1ST
Carolina Mudcats batting - Pitching for Daytona Tortugas : LHP Ed Chavez
Pitching: LHP Ed Chavez
Batting: RHB Sadataka Kuwahara 0-0: Foul Ball, location: 2F
0-1: Ball
1-1: Swinging Strike
1-2: Ball
2-2: SINGLE (Groundball, 4S, EV 62.5 MPH) (infield hit)
Batting: LHB Ryan Murdock 0-0: Ball
1-0: Ball
2-0: Called Strike
2-1: Foul Ball, location: 2F
2-2: Strikes out swinging
Batting: RHB Joe Young 0-0: Ball
1-0: Ball
2-0: Called Strike
Sadataka Kuwahara steals 2nd base
2-1: Called Strike
2-2: Fly out, F9 (Flyball, 9, EV 83.8 MPH)
Batting: LHB Tamaichi Sasada 0-0: Called Strike
0-1: Swinging Strike
0-2: Hit by Pitch
Batting: LHB Art D'Ascenzo 0-0: Called Strike
0-1: Swinging Strike
0-2: Foul Ball, location: 2F
0-2: Ball
1-2: Ball
2-2: Foul Ball, location: 2F
2-2: Strikes out swinging
Top of the 1st over - 0 runs, 1 hit, 0 errors, 2 left on base; Carolina 0 - Daytona 0
BOTTOM OF THE 1ST
Daytona Tortugas batting - Pitching for Carolina Mudcats : RHP Ioakim Mozgo
Pitching: RHP Ioakim Mozgo
Batting: SHB Bryan Johnston 0-0: Ball
1-0: Foul Ball, location: 2F
1-1: SINGLE (Flyball, 34D, EV 86.2 MPH)
Batting: RHB Danny Real 0-0: Ball
Bryan Johnston steals 2nd base
1-0: Ball
2-0: Called Strike
2-1: Swinging Strike
2-2: Ball
3-2: Strikes out swinging
Batting: RHB Dusty Pollert 0-0: Ball
1-0: Ball
2-0: Ball
3-0: Base on Balls
Batting: RHB Juan Reyes 0-0: Ball
1-0: Ball
2-0: Ball
3-0: Base on Balls
Bryan Johnston to third
Dusty Pollert to second
Batting: RHB Jonathan Robies 0-0: Foul Ball, location: 2F
0-1: Ball
1-1: Foul Ball, location: 2F
1-2: Foul Ball, location: 2F
1-2: Foul Ball, location: 2F
1-2: Foul Ball, location: 2F
1-2: Ball
2-2: Foul Ball, location: 2F
2-2: SINGLE (Groundball, P, EV 90.0 MPH) (infield hit)
Bryan Johnston scores
Dusty Pollert to third
Juan Reyes to second
Batting: SHB Jaivata Mohanty 0-0: Ball
1-0: Called Strike
1-1: Foul Ball, location: 2F
1-2: Foul Ball, location: 2F
1-2: Ball
2-2: Strikes out swinging
Batting: RHB Pedro Pinero 0-0: Called Strike
0-1: Foul Ball, location: 2F
0-2: Foul Ball, location: 2F
0-2: Strikes out swinging
Bottom of the 1st over - 1 run, 2 hits, 0 errors, 3 left on base; Carolina 0 - Daytona 1
TOP OF THE 2ND
Carolina Mudcats batting - Pitching for Daytona Tortugas : LHP Ed Chavez
Batting: SHB Karl Starnes 0-0: Ball
1-0: Called Strike
1-1: Called Strike
1-2: Ball
2-2: Strikes out swinging
Batting: RHB Chris Trites 0-0: Called Strike
0-1: Ball
1-1: Swinging Strike
1-2: Foul Ball, location: 2F
1-2: Strikes out swinging
Batting: RHB Dave Pizarro 0-0: Called Strike
0-1: Called Strike
0-2: Ball
1-2: Ground out 6-3 (Groundball, 6, EV 85.0 MPH)
Top of the 2nd over - 0 runs, 0 hits, 0 errors, 0 left on base; Carolina 0 - Daytona 1
BOTTOM OF THE 2ND
Daytona Tortugas batting - Pitching for Carolina Mudcats : RHP Ioakim Mozgo
Batting: RHB Tony Casas 0-0: Foul Ball, location: 2F
0-1: Bunt missed!
0-2: Ball
1-2: SINGLE (Line Drive, 4MD, EV 98.8 MPH)
Batting: RHB Sang-ton Pak 0-0: Called Strike
0-1: Ball
1-1: Ball
Passed Ball!
Tony Casas to second
2-1: Ball
3-1: Foul Ball, location: 2F
3-2: Strikes out swinging
Batting: SHB Bryan Johnston 0-0: Ball
1-0: Called Strike
1-1: Foul Ball, location: 2F
1-2: Strikes out swinging
Batting: RHB Danny Real 0-0: Ball
1-0: Foul Ball, location: 2F
1-1: Ground out 6-3 (Groundball, 56, EV 86.9 MPH)
Bottom of the 2nd over - 0 runs, 1 hit, 0 errors, 1 left on base; Carolina 0 - Daytona 1
TOP OF THE 3RD
Carolina Mudcats batting - Pitching for Daytona Tortugas : LHP Ed Chavez
Batting: RHB Costantino Dolfini 0-0: Ball
1-0: Ground out 5-3 (Groundball, 56, EV 78.1 MPH)
Batting: RHB Sadataka Kuwahara 0-0: Called Strike
0-1: Swinging Strike
0-2: Ball
1-2: Foul Ball, location: 2F
1-2: Strikes out swinging
Batting: LHB Ryan Murdock 0-0: Ball
1-0: Ball
2-0: Ball
3-0: Called Strike
3-1: SINGLE (Line Drive, 6D, EV 97.5 MPH)
Batting: RHB Joe Young 0-0: Ball
Wild Pitch!
Ryan Murdock to second
1-0: Ball
2-0: Foul Ball, location: 2F
2-1: Ground out 6-3 (Groundball, 6, EV 84.4 MPH)
Top of the 3rd over - 0 runs, 1 hit, 0 errors, 1 left on base; Carolina 0 - Daytona 1
BOTTOM OF THE 3RD
Daytona Tortugas batting - Pitching for Carolina Mudcats : RHP Ioakim Mozgo
Batting: RHB Dusty Pollert 0-0: Ball
1-0: Swinging Strike
1-1: Foul Ball, location: 2F
1-2: Ball
2-2: Foul Ball, location: 2F
2-2: Ball
3-2: Base on Balls
Batting: RHB Juan Reyes 0-0: Called Strike
0-1: Swinging Strike
0-2: Ball
1-2: Strikes out swinging
Batting: RHB Jonathan Robies 0-0: Grounds into double play, 5-4-3 (Groundball, 56S, EV 82.5 MPH)
Bottom of the 3rd over - 0 runs, 0 hits, 0 errors, 0 left on base; Carolina 0 - Daytona 1
TOP OF THE 4TH
Carolina Mudcats batting - Pitching for Daytona Tortugas : LHP Ed Chavez
Batting: LHB Tamaichi Sasada 0-0: Called Strike
0-1: Ground out 6-3 (Groundball, 6MD, EV 85.6 MPH)
Batting: LHB Art D'Ascenzo 0-0: Ball
1-0: Foul Ball, location: 2F
1-1: Swinging Strike
1-2: Ball
2-2: Ball
3-2: Foul Ball, location: 2F
3-2: Fly out, F7 (Line Drive, 7, EV 100.6 MPH)
Batting: SHB Karl Starnes 0-0: Swinging Strike
0-1: Called Strike
0-2: Foul Ball, location: 2F
0-2: Foul Ball, location: 2F
0-2: Strikes out swinging
Top of the 4th over - 0 runs, 0 hits, 0 errors, 0 left on base; Carolina 0 - Daytona 1
BOTTOM OF THE 4TH
Daytona Tortugas batting - Pitching for Carolina Mudcats : RHP Ioakim Mozgo
Batting: SHB Jaivata Mohanty 0-0: Called Strike
0-1: Swinging Strike
0-2: Ball
1-2: Ball
2-2: Foul Ball, location: 2F
2-2: Foul Ball, location: 2F
2-2: Strikes out swinging
Batting: RHB Pedro Pinero 0-0: Ball
1-0: Ball
2-0: Ball
3-0: Called Strike
3-1: Fly out, F7 (Flyball, 7D, EV 83.1 MPH)
Batting: RHB Tony Casas 0-0: Called Strike
0-1: Swinging Strike
0-2: Ball
1-2: Ball
2-2: Ball
3-2: TRIPLE (Flyball, 8LXD, EV 98.1 MPH)
Batting: RHB Sang-ton Pak 0-0: Called Strike
0-1: Ball
1-1: Called Strike
1-2: Foul Ball, location: 2F
1-2: Strikes out swinging, 2-3 out at first.
Bottom of the 4th over - 0 runs, 1 hit, 0 errors, 1 left on base; Carolina 0 - Daytona 1
TOP OF THE 5TH
Carolina Mudcats batting - Pitching for Daytona Tortugas : LHP Ed Chavez
Batting: RHB Chris Trites 0-0: Called Strike
0-1: Foul Ball, location: 2F
0-2: Ball
1-2: Strikes out looking
Batting: RHB Dave Pizarro 0-0: Called Strike
0-1: Ball
1-1: Swinging Strike
1-2: Ball
2-2: Foul Ball, location: 2F
2-2: Strikes out swinging
Batting: RHB Costantino Dolfini 0-0: Called Strike
0-1: Fly out, F6 (Line Drive, 6M, EV 70.0 MPH)
Top of the 5th over - 0 runs, 0 hits, 0 errors, 0 left on base; Carolina 0 - Daytona 1
BOTTOM OF THE 5TH
Daytona Tortugas batting - Pitching for Carolina Mudcats : RHP Ioakim Mozgo
Batting: SHB Bryan Johnston 0-0: Called Strike
0-1: Foul Ball, location: 2F
0-2: Strikes out looking
Batting: RHB Danny Real 0-0: Ball
1-0: SINGLE (Line Drive, 8LS, EV 95.6 MPH)
Batting: RHB Dusty Pollert 0-0: Called Strike
0-1: Swinging Strike
0-2: Fly out, F8 (Line Drive, 89S, EV 95.0 MPH)
Batting: RHB Juan Reyes 0-0: Called Strike
Danny Real steals 2nd base (no throw)
0-1: Ball
1-1: Swinging Strike
1-2: Ball
2-2: TRIPLE (Line Drive, 9D, EV 112.5 MPH)
Danny Real scores
Pitching: RHP Nikita Eliseenko
Batting: RHB Jonathan Robies 0-0: Called Strike
0-1: Foul Ball, location: 2F
0-2: Ground out 5-3 (Groundball, 56S, EV 88.1 MPH)
Bottom of the 5th over - 1 run, 2 hits, 0 errors, 1 left on base; Carolina 0 - Daytona 2
TOP OF THE 6TH
Carolina Mudcats batting - Pitching for Daytona Tortugas : LHP Ed Chavez
Batting: RHB Sadataka Kuwahara 0-0: Swinging Strike
0-1: Ball
1-1: Ball
2-1: Called Strike
2-2: Ball
3-2: Ground out 3-1 (Groundball, 34S, EV 83.8 MPH)
Batting: LHB Ryan Murdock 0-0: Swinging Strike
0-1: Ball
1-1: Ball
2-1: Foul Ball, location: 2F
2-2: Ball
3-2: Strikes out swinging, 2-3 out at first.
Batting: RHB Joe Young 0-0: Ball
1-0: Ball
2-0: Swinging Strike
2-1: Ground out U3 (Groundball, 34, EV 93.1 MPH)
Top of the 6th over - 0 runs, 0 hits, 0 errors, 0 left on base; Carolina 0 - Daytona 2
BOTTOM OF THE 6TH
Daytona Tortugas batting - Pitching for Carolina Mudcats : RHP Nikita Eliseenko
Batting: SHB Jaivata Mohanty 0-0: Ball
1-0: Swinging Strike
1-1: Fly out, F9 (Flyball, 9D, EV 105.0 MPH)
Batting: RHB Pedro Pinero 0-0: Ball
1-0: Called Strike
1-1: Called Strike
1-2: Strikes out looking
Batting: RHB Tony Casas 0-0: Called Strike
0-1: Ball
1-1: Foul Ball, location: 2F
1-2: Foul Ball, location: 2F
1-2: Ground out 4-3 (Groundball, 4, EV 105.0 MPH)
Bottom of the 6th over - 0 runs, 0 hits, 0 errors, 0 left on base; Carolina 0 - Daytona 2
TOP OF THE 7TH
Carolina Mudcats batting - Pitching for Daytona Tortugas : LHP Ed Chavez
Pitching: RHP Ken Armstrong
Now at 2B: Ryan Short
Batting: LHB Tamaichi Sasada 0-0: Ball
1-0: Foul Ball, location: 2F
1-1: Ball
2-1: Fly out, F9 (Line Drive, 9D, EV 88.8 MPH)
Batting: LHB Art D'Ascenzo 0-0: Called Strike
0-1: SOLO HOME RUN (Flyball, 9D, EV 96.2 MPH), Distance : 356 ft
Batting: SHB Karl Starnes 0-0: Called Strike
0-1: Fly out, F7 (Flyball, 7, EV 96.9 MPH)
Batting: RHB Chris Trites 0-0: Called Strike
0-1: Swinging Strike
0-2: Ball
1-2: Strikes out swinging
Top of the 7th over - 1 run, 1 hit, 0 errors, 0 left on base; Carolina 1 - Daytona 2
BOTTOM OF THE 7TH
Daytona Tortugas batting - Pitching for Carolina Mudcats : RHP Nikita Eliseenko
Batting: RHB Sang-ton Pak 0-0: Ball
1-0: Called Strike
1-1: Ball
2-1: Ball
3-1: Swinging Strike
3-2: Foul Ball, location: 2F
3-2: Ground out 4-3 (Groundball, 34, EV 98.8 MPH)
Batting: SHB Bryan Johnston 0-0: Ball
1-0: Swinging Strike
1-1: Ground out 4-3 (Groundball, 4, EV 110.6 MPH)
Batting: RHB Danny Real 0-0: Fly out, F7 (Flyball, 78S, EV 82.5 MPH)
Bottom of the 7th over - 0 runs, 0 hits, 0 errors, 0 left on base; Carolina 1 - Daytona 2
TOP OF THE 8TH
Carolina Mudcats batting - Pitching for Daytona Tortugas : RHP Ken Armstrong
Batting: RHB Dave Pizarro 0-0: Ball
1-0: Ground out 6-3 (Groundball, 56, EV 81.9 MPH)
Pinch Hitting: RHB Josh McCormick 0-0: Called Strike
0-1: Foul Ball, location: 2F
0-2: Ball
1-2: Foul Ball, location: 2F
1-2: Foul Ball, location: 2F
1-2: Strikes out swinging
Batting: RHB Sadataka Kuwahara 0-0: Called Strike
0-1: Foul Ball, location: 2F
0-2: Strikes out swinging
Top of the 8th over - 0 runs, 0 hits, 0 errors, 0 left on base; Carolina 1 - Daytona 2
BOTTOM OF THE 8TH
Daytona Tortugas batting - Pitching for Carolina Mudcats : RHP Nikita Eliseenko
Pitching: RHP Walt Bunney
Now in CF: Chris Trites
Now in RF: Yojiro Hayashi
Batting: RHB Dusty Pollert 0-0: Ball
1-0: Foul Ball, location: 2F
1-1: Ball
2-1: Fly out, F7 (Flyball, 7, EV 89.4 MPH)
Batting: RHB Juan Reyes 0-0: Ball
1-0: Ground out 1-3 (Groundball, 34S, EV 64.4 MPH)
Batting: RHB Jonathan Robies 0-0: Ball
1-0: Fly out, F7 (Flyball, 78M, EV 91.9 MPH)
Bottom of the 8th over - 0 runs, 0 hits, 0 errors, 0 left on base; Carolina 1 - Daytona 2
TOP OF THE 9TH
Carolina Mudcats batting - Pitching for Daytona Tortugas : RHP Ken Armstrong
Pitching: RHP Justin Ambrose
Now in RF: Manny Ruvalcaba
Batting: LHB Ryan Murdock 0-0: Ball
1-0: Foul Ball, location: 2F
1-1: Ball
2-1: Ground out U3 (Groundball, 3, EV 88.1 MPH)
Pinch Hitting: SHB Jose Melendez 0-0: Swinging Strike
0-1: Ball
1-1: Foul Ball, location: 2F
1-2: Strikes out swinging
Batting: LHB Tamaichi Sasada 0-0: Ball
1-0: Foul Ball, location: 2F
1-1: Foul Ball, location: 2F
1-2: Strikes out swinging
Top of the 9th over - 0 runs, 0 hits, 0 errors, 0 left on base; Carolina 1 - Daytona 2
Tuesday, September 13th , 2022 - OOTP Baseball 23.7 Build 88